Map: Newkirk Precinct TE (Void)

Players

chankim

  • Race: Zerg Zerg
  • Spawn Location: 5:00

A.I. 1 (Very Easy) - Winner!

  • Race: Terran Terran
  • Spawn Location: 7:00

VOD

Have the link to the VOD?

Description

Time

  • Played on: April 7, 2017, 8:17 p.m.
  • Length: 9:11
Show
View Real Time Build Order
Export as new Build Order

chankim Zerg 

Build Orders: Hatch First, Muta Ling Bane 

Get SALT Encoding   

  12  0:00  Drone  
  13  0:13  Overlord  
  13  0:17  Drone  
  14  0:32  Drone x2  
  14  0:35  Drone  
  17  0:55  Drone, Hatchery  
  17  0:59  Drone  
  18  1:09  Extractor  
  17  1:13  Spawning Pool  
  17  1:17  Drone  
  17  1:20  Drone  
  18  1:28  Drone  
  19  1:39  Overlord  
  19  1:50  Drone  
  20  2:00  Queen  
  22  2:01  Zergling x2  
  22  2:07  Queen, Drone  
  26  2:09  Metabolic Boost  
  26  2:13  Drone  
  27  2:18  Drone  
  28  2:23  Drone  
  28  2:28  Drone  
  30  2:33  Drone  
  31  2:40  Drone, Hatchery  
  31  2:46  Overlord  
  31  2:52  Drone  
  31  2:56  Queen  
  31  2:58  Drone  
  35  3:01  Drone  
  36  3:06  Drone  
  36  3:08  Drone x2  
  36  3:10  Drone  
  40  3:13  Overlord  
  40  3:15  Drone  
  40  3:17  Drone  
  40  3:19  Drone  
  43  3:21  Drone  
  44  3:31  Overlord  
  44  3:32  Drone  
  45  3:34  Queen  
  45  3:35  Drone  
  45  3:40  Drone x3  
  51  3:45  Drone  
  52  3:49  Overlord  
  52  3:50  Drone x2  
  52  3:54  Evolution Chamber  
  53  3:56  Evolution Chamber, Drone x2  
  53  4:00  Drone  
  55  4:03  Overlord  
  55  4:04  Drone  
  55  4:09  Drone  
  57  4:11  Queen  
  57  4:13  Drone x3  
  57  4:14  Drone  
  63  4:19  Drone x2  
  63  4:22  Zerg Ground Armor Level 1  
  65  4:26  Zerg Melee Weapons Level 1  
  65  4:27  Drone x2  
  65  4:28  Drone x2  
  65  4:29  Drone  
  70  4:32  Extractor  
  70  4:33  Extractor  
  70  4:35  Extractor  
  70  4:37  Drone x4  
  71  4:38  Drone  
  71  4:39  Drone  
  71  4:45  Overlord  
  73  4:56  Drone x2  
  73  4:57  Extractor, Drone  
  73  4:59  Drone, Hatchery  
  76  5:00  Drone x3  
  76  5:01  Extractor, Lair  
  76  5:06  Overlord  
  77  5:09  Zergling x2  
  77  5:10  Zergling x8  
  82  5:19  Zergling x6  
  85  5:24  Drone  
  85  5:25  Baneling Nest  
  85  5:28  Drone  
  85  5:31  Zergling x10  
  85  5:32  Hatchery  
  90  5:37  Overlord  
  90  5:45  Drone x6  
  90  5:46  Pneumatized Carapace  
  96  5:52  Overlord x2  
  96  5:53  Overlord x2  
  96  5:54  Drone x2  
  98  6:07  Zergling x12  
  104  6:12  Queen  
  104  6:13  Queen  
  104  6:14  Overlord  
  104  6:15  Drone  
  109  6:24  Zergling x16  
  109  6:25  Zergling x2  
  118  6:26  Centrifical Hooks  
  118  6:28  Zerg Ground Armor Level 2  
  118  6:29  Zerg Melee Weapons Level 2  
  118  6:37  Drone  
  119  6:40  Spire  
  119  6:44  Overlord, Drone x4  
  119  6:45  Drone  
  119  6:46  Zergling x2  
  119  6:47  Zergling x12  
  129  6:48  Zergling x2  
  131  6:59  Overlord  
  131  7:00  Zergling x14  
  138  7:09  Overlord  
  138  7:10  Zergling x6  
  138  7:12  Overlord  
  138  7:14  Zergling x6  
  144  7:21  Overlord  
  144  7:26  Zergling x2  
  144  7:27  Zergling x24  
  157  7:32  Overlord  
  157  7:38  Overlord  
  157  7:41  Zergling x6  
  157  7:42  Zergling x4  
  162  7:52  Mutalisk x12  
  162  7:55  Overseer  
  162  7:57  Mutalisk x2  
  162  7:58  Mutalisk x3  
  192  8:01  Zergling x4  
  192  8:04  Zergling x2  
  199  8:06  Zergling x2  
  200  8:29  Extractor, Baneling  
  200  8:30  Extractor, Baneling x19  
  198  8:38  Zergling x4  
  200  8:54  Baneling x10  
  200  8:55  Baneling x6  
Show
View Real Time Build Order
Export as new Build Order

A.I. 1 (Very Easy) Terran - Winner!

Build Orders: Reaper Expand 

Get SALT Encoding   

  12  0:00  SCV  
  13  0:13  SCV  
  14  0:20  Supply Depot  
  14  0:47  Barracks  
  14  1:04  Command Center  
  14  1:34  Orbital Command, Supply Depot  
  14  1:37  Marine  
  14  1:39  Refinery  
  15  1:51  Refinery  
  15  1:59  SCV  
  16  2:11  SCV  
  17  2:16  SCV  
  17  2:19  Reaper  
  19  2:23  SCV  
  20  2:30  SCV  
  21  2:37  SCV  
  22  2:44  SCV  
  23  2:51  SCV  
  24  2:59  SCV  
  24  3:05  Marine  
  25  3:06  SCV  
  27  3:13  SCV  
  27  3:19  Refinery  
  28  3:20  SCV  
  28  3:26  Factory  
  29  3:28  SCV  
  29  3:46  Refinery  
  29  3:48  SCV  
  30  3:52  Marine  
  30  3:55  SCV  
  32  4:01  Supply Depot  
  32  4:02  SCV  
  33  4:09  SCV  
  34  4:10  Barracks Tech Lab  
  34  4:13  Starport  
  34  4:16  SCV  
  35  4:23  SCV  
  36  4:31  SCV  
  37  4:35  Supply Depot  
  37  4:38  SCV  
  38  4:39  Marauder  
  38  4:45  SCV  
  41  4:49  Starport Tech Lab  
  41  4:52  SCV  
  42  4:59  SCV  
  43  5:07  SCV, Raven  
  44  5:14  SCV  
  47  5:21  SCV  
  47  5:25  Marine  
  47  5:28  SCV  
  49  5:50  Raven  
  51  6:11  Marine  
  52  6:50  SCV  
  52  6:58  Marauder  
  53  8:13  SCV  
  54  8:52  SCV  
Tags
 
Add a new tag
Caveats
  • Supply blocks, unpowered buildings, or Contaminate may cause inaccurate times.
  • Supply counts are checked every 10 seconds.